 Dungeon Sprint DCSS version 0.27-a0-203-gd48b2df3c9 (webtiles) character file.

Game seed: 4341146286919697062

8437 mhtbhm the Ninja (level 11, -3/84 HPs)
             Began as a Spriggan Brigand on Jan 30, 2021.
             Was a High Priest of Dithmenos.
             Slain by a spriggan berserker
             ... wielding a +0 hand axe
              (10 damage)
             ... in the Dungeon (Sprint IV: "Fedhas' Mad Dash").
             The game lasted 00:04:19 (1412 turns).

mhtbhm the Ninja (Spriggan Brigand)                 Turns: 1412, Time: 00:04:19

Health: -3/84      AC:  3    Str:  8    XL:     11   Next: 9%
Magic:  14/14      EV: 22    Int: 13    God:    Dithmenos [*****.]
Gold:   45         SH:  0    Dex: 20    Spells: 10/10 levels left

rFire    . . .     SeeInvis +   a - +2 dagger
rCold    . . .     Faith    .   (shield restricted)
rNeg     . . .     Spirit   .   b - +0 robe
rPois    .         Reflect  .   (helmet restricted)
rElec    .         Harm     .   j - +0 cloak
rCorr    .         Rampage  .   (gloves unavailable)
Will     +....     NoTele   +   (boots unavailable)
Stlth    ..........             l - amulet of invisibility {+Inv}
HPRegen  0.24/turn              (no ring)
MPRegen  0.14/turn              (no ring)

@: berserking (expiring), wreathed by umbra, very quick
A: very small, unfitting armour, see invisible, speed 3
a: Renounce Religion, Evoke Invisibility, Shadow Step, Shadow Form


You were in the Dungeon.
You worshipped Dithmenos.
Dithmenos was extremely pleased with you.
You visited 1 branch You collected 235 gold pieces.
You spent 190 gold pieces at shops.

Inventory:

Hand Weapons
 a - a +2 dagger (weapon)
Missiles
 d - 8 poisoned darts (quivered)
 e - a curare-tipped dart
Armour
 b - a +0 robe (worn)
 c - a +0 cloak
 j - a +0 cloak (worn)
Jewellery
 l - the amulet of invisibility (around neck) {+Inv}
   (You found it in the Dungeon)

   [amulet of nothing]

   It lets you turn invisible.
Wands
 n - a wand of random effects (12)
Scrolls
 k - 2 scrolls of blinking
 m - a scroll of random uselessness {unknown}
 o - a scroll of enchant armour {unknown}
 q - 2 scrolls of fog
 r - a scroll of fear
Potions
 f - a potion of curing
 g - a potion of heal wounds
 h - a potion of haste
 i - 2 potions of magic


   Skills:
 + Level 5.7 Fighting
 + Level 9.1 Short Blades
 + Level 5.0 Throwing
 + Level 6.3 Dodging
 O Level 27 Stealth
 + Level 3.2 Invocations
 + Level 16.2 Evocations


You had 10 spell levels left.
You didn't know any spells.
Your spell library contained the following spells:

 Spells                   Type           Power        Failure   Level
 Sublimation of Blood     Necr           0%           43%         2
 Confusing Touch          Hex            0%           67%         3
 Gell's Gravitas          Tloc           0%           67%         3
 Ignite Poison            Fire/Tmut/Pois 0%           67%         3
 Petrify                  Tmut/Erth      0%           97%         4
 Alistair's Intoxication  Tmut/Pois      0%           100%        5
 Irradiate                Conj/Tmut      0%           100%        5
 Metabolic Englaciation   Hex/Ice        0%           100%        5
 Yara's Violent Unravell  Hex/Tmut       0%           100%        5
 Eringya's Noxious Bog    Tmut/Pois      0%           100%        6


Dungeon Overview and Level Annotations

Branches:
Dungeon (1/1)

Altars:
Cheibriados
Dithmenos
Elyvilon
Gozag
Hepliaklqana
Kikubaaqudgha
Makhleb
Nemelex Xobeh
Okawaru
Qazlal
Ru
Sif Muna
Trog
Uskayaw
Vehumet
Wu Jian
Xom
Yredelemnul
Zin
The Shining One
Beogh
Jiyva
Lugonu

Shops:
D ([*[?!=:


Innate Abilities, Weirdness & Mutations

You are very small and have problems with some larger weapons.
You are too small for most types of armour.
You have supernaturally acute eyesight. (SInv)
You cover ground extremely quickly.


Message History

You hit the spriggan berserker.
The spriggan berserker is heavily wounded.
You miss the spriggan berserker.
The spriggan berserker is heavily wounded.
Your shadow hits the spriggan berserker but does no damage.
The spriggan berserker completely misses you.
You miss the spriggan berserker.
The spriggan berserker is heavily wounded.
You hit the spriggan berserker.
The spriggan berserker is heavily wounded.
The spriggan berserker hits you with a +0 hand axe!!
* * * LOW HITPOINT WARNING * * *
You emit a cloud of dark smoke.
You hit the spriggan berserker.
The spriggan berserker is heavily wounded.
Your shadow barely misses the spriggan berserker.
You hit the spriggan berserker.
The spriggan berserker is heavily wounded.
The spriggan berserker hits you with a +0 hand axe!
You die...

...#._._._._._.⌠.################
...###################......###..
####♣♣♣♣♣..♣(###.'..'......('.'..
.['......♣..♣##..#..#.P.....#####
..#♣..♣♣♣.♣).###.##'##.P....#
..#.♣♣.[♣...♣'...#♣.♣########
#### ############§....####
###§§♣..♣....###
####§i@♣......♣...♣###
.....§§§§♣.)...∩.∩..))#
..#####################


You could see a spriggan berserker (berserk).

Vanquished Creatures
  Agnes (D)
  A spriggan defender (D)
  A spriggan druid (D)
  6 oklob plants (D)
  A demonic crawler (D)
  3 wandering mushrooms (D)
  3 burning bushes (D)
  A hornet (D)
  A queen bee (D)
  2 scorpions (D)
  4 killer bees (D)
  5 oklob saplings (D)
  A worker ant (D)
  5 spriggans (D)
  A river rat (D)
  A rat (D)
  A ballistomycete spore (D)
38 creatures vanquished.

Notes
Turn   | Place    | Note
-------+----------+-------------------------------------------
     0 | D        | mhtbhm the Spriggan Brigand began the quest for the Orb.
     0 | D        | Reached XP level 1. HP: 10/10 MP: 2/2
     7 | D        | Reached skill level 8 in Stealth
     7 | D        | Reached XP level 2. HP: 15/15 MP: 3/3
    14 | D        | Noticed an oklob sapling
   222 | D        | Killed an oklob sapling
   223 | D        | Reached skill level 10 in Stealth
   223 | D        | Reached XP level 3. HP: 18/18 MP: 4/4
   226 | D        | Found the amulet of invisibility {+Inv}
   228 | D        | Reached skill level 11 in Stealth
   252 | D        | Noticed an oklob sapling
   255 | D        | Killed an oklob sapling
   256 | D        | Reached skill level 12 in Stealth
   256 | D        | Reached XP level 4. HP: 23/23 MP: 2/5
   367 | D        | Found an opulent altar of Gozag.
   367 | D        | Found a hazy altar of Hepliaklqana.
   367 | D        | Found a burning altar of Makhleb.
   367 | D        | Found a roughly hewn altar of Beogh.
   367 | D        | Found a sparkling altar of Nemelex Xobeh.
   367 | D        | Found a snail-covered altar of Cheibriados.
   367 | D        | Found a sacrificial altar of Ru.
   367 | D        | Found a shimmering blue altar of Sif Muna.
   367 | D        | Found a shimmering altar of Xom.
   367 | D        | Found a basalt altar of Yredelemnul.
   368 | D        | Found a viscous altar of Jiyva.
   368 | D        | Found a bloodstained altar of Trog.
   368 | D        | Found an ornate altar of the Wu Jian Council.
   369 | D        | Found an iron altar of Okawaru.
   369 | D        | Found a shadowy altar of Dithmenos.
   369 | D        | Found a glowing silver altar of Zin.
   370 | D        | Found an ancient bone altar of Kikubaaqudgha.
   370 | D        | Found a hide-covered altar of Uskayaw.
   371 | D        | Found a stormy altar of Qazlal.
   371 | D        | Found a white marble altar of Elyvilon.
   371 | D        | Found a glowing golden altar of the Shining One.
   372 | D        | Found a corrupted altar of Lugonu.
   372 | D        | Found a radiant altar of Vehumet.
   376 | D        | Reached skill level 13 in Stealth
   378 | D        | Became a worshipper of Dithmenos the Shadowed
   388 | D        | Reached skill level 14 in Stealth
   388 | D        | Reached XP level 5. HP: 28/28 MP: 4/6
   431 | D        | Noticed a queen bee
   440 | D        | Reached skill level 15 in Stealth
   446 | D        | Reached * piety under Dithmenos
   448 | D        | Killed a queen bee
   449 | D        | Reached skill level 5 in Short Blades
   449 | D        | Reached skill level 17 in Stealth
   449 | D        | Reached XP level 6. HP: 19/32 MP: 5/7
   454 | D        | Reached ** piety under Dithmenos
   455 | D        | Reached skill level 18 in Stealth
   455 | D        | Reached XP level 7. HP: 16/36 MP: 5/8
   754 | D        | Noticed an oklob plant
   757 | D        | Killed an oklob plant
   758 | D        | Reached skill level 19 in Stealth
   784 | D        | Noticed a burning bush
   787 | D        | Killed a burning bush
   788 | D        | Reached skill level 20 in Stealth
   788 | D        | Reached XP level 8. HP: 42/42 MP: 9/9
   799 | D        | Noticed a burning bush
   799 | D        | Noticed an oklob plant
   800 | D        | Noticed a wandering mushroom
   801 | D        | Killed a burning bush
   806 | D        | Killed an oklob plant
   806 | D        | Reached *** piety under Dithmenos
   807 | D        | Reached skill level 5 in Dodging
   807 | D        | Reached skill level 21 in Stealth
   810 | D        | Killed a wandering mushroom
   811 | D        | Reached skill level 5 in Throwing
   811 | D        | Reached skill level 22 in Stealth
   811 | D        | Reached skill level 10 in Evocations
   811 | D        | Reached XP level 9. HP: 46/46 MP: 7/10
   821 | D        | Noticed a spriggan druid
   822 | D        | Killed a spriggan druid
   823 | D        | Reached skill level 23 in Stealth
   889 | D        | Noticed an oklob plant conjurer
   890 | D        | Killed an oklob plant conjurer
   890 | D        | Reached **** piety under Dithmenos
  1003 | D        | Found Okkav's Armour Shop.
  1003 | D        | Found Pyurihapt's Weapon Emporium.
  1017 | D        | Noticed a burning bush
  1017 | D        | Noticed a wandering mushroom
  1018 | D        | Noticed a wandering mushroom
  1020 | D        | Killed a wandering mushroom
  1022 | D        | Killed a burning bush
  1023 | D        | Reached skill level 24 in Stealth
  1023 | D        | Reached ***** piety under Dithmenos
  1025 | D        | Killed a wandering mushroom
  1030 | D        | Found Himmat's Distillery.
  1030 | D        | Found Enni's Magic Scroll Shoppe.
  1037 | D        | Bought a scroll of blinking for 75 gold pieces
  1039 | D        | Bought a potion of berserk rage for 55 gold pieces
  1123 | D        | Noticed an oklob plant
  1123 | D        | Noticed an oklob plant summoner
  1124 | D        | Noticed an oklob plant shifter
  1125 | D        | Killed an oklob plant
  1126 | D        | Reached skill level 25 in Stealth
  1126 | D        | Reached XP level 10. HP: 47/51 MP: 4/11
  1128 | D        | Killed an oklob plant summoner
  1130 | D        | Killed an oklob plant shifter
  1218 | D        | Noticed a spriggan rider
  1219 | D        | Found Ecrucw's Jewellery Emporium.
  1219 | D        | Found Deinlug's Book Shoppe.
  1222 | D        | Killed a spriggan rider
  1223 | D        | Reached skill level 5 in Fighting
  1223 | D        | Reached skill level 26 in Stealth
  1226 | D        | Reached skill level 1 in Invocations
  1294 | D        | Noticed Agnes
  1295 | D        | Found Taupt's General Store.
  1295 | D        | Found Kulos's Armour Shoppe.
  1296 | D        | Killed Agnes
  1297 | D        | Reached skill level 27 in Stealth
  1297 | D        | Reached skill level 15 in Evocations
  1297 | D        | Noticed a spriggan defender
  1300 | D        | Killed a spriggan defender
  1301 | D        | Reached XP level 11. HP: 48/56 MP: 1/14
  1307 | D        | Bought a scroll of fog for 22 gold pieces
  1307 | D        | Bought a scroll of fear for 38 gold pieces
  1394 | D        | Noticed a spriggan berserker
  1412 | D        | Slain by a spriggan berserker

Illustrated notes

Levels and vault maps discovered:
D:        dungeon_sprint_fedhas [sprint_temple]

Skill      XL: |  1  2  3  4  5  6  7  8  9 10 |
---------------+-------------------------------+-----
Stealth        | 8 10 12 14 17 18 20 22 25 27 | 27.0
Fighting       | 2 3 4 5 |  5.7
Short Blades   | 3 5 6 7 8 9 |  9.1
Throwing       | 3 4 5 |  5.0
Dodging        | 2 3 4 5 6 |  6.3
Evocations     | 3 6 8 10 12 16 | 16.2
Invocations    | 3 |  3.2

Action                   |  1- 3 |  4- 6 |  7- 9 | 10-12 || total
-------------------------+-------+-------+-------+-------++-------
Melee: Dagger            |     8 |    17 |    17 |    24 ||    66
Throw: Dart              |     1 |       |       |       ||     1
Invok: Shadow Step       |       |       |     1 |     3 ||     4
 Abil: Evoke Invisibilit |     1 |     3 |     3 |     2 ||     9
  Use: Potion            |       |     1 |       |     1 ||     2
 Stab: Distracted        |     1 |       |       |       ||     1
       Sleeping          |     2 |     2 |    17 |     8 ||    29
       Invisible         |       |     3 |       |       ||     3
Armor: Robe              |       |     1 |       |       ||     1
Dodge: Dodged            |     2 |    18 |       |     4 ||    24

Table legend: (Time is in decaauts)
 A = Elapsed time spent in this place.
 B = Non-inter-level travel time spent in this place.
 C = Inter-level travel time spent in this place.
 D = Time resting spent in this place.
 E = Time spent auto-exploring this place.
 F = Levels seen in this place.
 G = Mean time per level.
                   A        B        C        D        E       F      G
               +--------+--------+--------+--------+--------+-----+--------+
         Total |   1242 |   1212 |     30 |    872 |      1 |   1 | 1242.0 |
       Dungeon |   1242 |   1212 |     30 |    872 |      1 |   1 | 1242.0 |
               +--------+--------+--------+--------+--------+-----+--------+

Top non-repeatable levels by time:
       D: 1242 daAuts
